 Dungeon Crawl Stone Soup version 0.28-a0-512-g960c72b710 (webtiles) character file.

Game seed: 8392189839384840393

104 Ijustatesigmund the Skirmisher (level 4, -4/29 HPs)
             Began as a Gargoyle Fighter on Sept 22, 2021.
             Slain by an ogre (26 damage)
             ... on level 4 of the Dungeon.
             The game lasted 00:02:46 (3031 turns).

Ijustatesigmund the Skirmisher (Gargoyle Fighter)   Turns: 3031, Time: 00:02:47

Health: -4/29      AC: 12    Str: 19    XL:     4   Next: 80%
Magic:  4/4        EV:  7    Int:  9    God:
Gold:   96         SH:  4    Dex: 10    Spells: 3/3 levels left

rFire   . . .      SeeInvis .   a - +1 flail
rCold   . . .      Faith    .   c - +0 buckler
rNeg    + . .      Spirit   .   b - +0 chain mail
rPois   ∞          Reflect  .   (no helmet)
rElec   +          Harm     .   (no cloak)
rCorr   .          Rampage  .   (no gloves)
Will    .....                   (no boots)
Stlth   ..........              (no amulet)
HPRegen 0.09/turn               (no ring)
MPRegen 0.09/turn               (no ring)

@: no status effects
A: sickness immunity, AC +3, negative energy resistance 1, electricity
resistance, torment resistance 1, petrification resistance
a: no special abilities


You were on level 4 of the Dungeon.
You visited 1 branch of the dungeon, and saw 4 of its levels.

You collected 96 gold pieces.

Inventory:

Hand Weapons
 a - a +1 flail (weapon)
Armour
 b - a +0 chain mail (worn)
 c - a +0 buckler (worn)
Scrolls
 e - 3 scrolls of identify
 f - a scroll of teleportation
Potions
 d - a potion of might
 g - a potion of ambrosia {unknown}
 h - a potion of curing
 i - a potion of flight
 j - a potion of haste {unknown}
 k - a potion of invisibility {unknown}


   Skills:
 + Level 4.3 Fighting
 * Level 4.1 Maces & Flails
 - Level 3.2 Armour
 - Level 3.2 Shields


You had 3 spell levels left.
You didn't know any spells.
Your spell library contained the following spells:

 Spells                   Type           Power      Damage    Failure   Level
 Magic Dart               Conj           0%         1d3       99%         1
 Searing Ray              Conj           0%         2d4       100%        2
 Gell's Gravitas          Tloc           0%         N/A       100%        3
 Lesser Beckoning         Tloc           0%         N/A       100%        3
 Teleport Other           Tloc           0%         N/A       100%        3
 Fulminant Prism          Conj/Hex       0%         3d6       100%        4


Dungeon Overview and Level Annotations

Branches:
Dungeon (4/15)
 Temple: D:4-7

Altars:
Wu Jian


Innate Abilities, Weirdness & Mutations

You are immune to sickness and miasma.
Your stone body is resilient. (AC +3)
You are immune to poison.
You resist negative energy. (rN+)
You are resistant to electric shocks. (rElec)
You are resistant to unholy torment.
You are immune to petrification.


Message History

Your chain mail prevents you from hitting the orc priest.
The orc priest is almost dead.
The orc priest hits you but does no damage.
You hit the orc priest.
You kill the orc priest!
You block the orc's attack.
Your Maces & Flails skill increases to level 4!
You thump the orc!
You kill the orc!
You closely miss the orc. The orc hits you but does no damage.
You closely miss the orc. The orc hits you but does no damage.
You barely miss the orc. The orc closely misses you.
You barely miss the orc. The orc hits you but does no damage.
The orc closely misses you.
Your chain mail prevents you from hitting the orc.
The orc hits you with a +0 club.
You thump the orc!
You kill the orc!
HP restored.
Items here: ))) [ †.
Found a rapier.
You see here a +0 rapier.
You see here a +0 rapier.
k - a glowing golden potion An ogre comes into view.
It is wielding a +0 giant club.
The ogre shouts!
You hit the ogre.
The ogre is lightly wounded.
The ogre barely misses you.
You completely miss the ogre.
The ogre is lightly wounded.
The ogre hits you with a +0 giant club!
You sock the ogre!
The ogre is heavily wounded.
The ogre hits you but does no damage.
You thump the ogre!
The ogre is almost dead.
The ogre hits you with a +0 giant club!!
Ouch! That really hurt!
You die...

######## #......# #
#.####)# #.
..####.####
#####.#####.#.......#
........##.#.##.##.#
#..#...#.#.##.##.#
#..O@.........##.#
#....#...#########.#
#.#. ##### #.# #.#.
########## #.# ...
.........# #.###
#.##.>..>...# #...# .
. #..#........# ###.#
....#...........#
###.#
#.....<........#
#...#


You could see an ogre.

Vanquished Creatures
  An orc priest (D:4)
  An iguana (D:3)
  A worm (D:3)
  3 orcs
  3 ball pythons
  3 endoplasms
  2 giant cockroaches
  4 goblins
  5 hobgoblins
  3 quokkas
  4 bats
  3 frilled lizards
  7 kobolds
  3 rats
43 creatures vanquished.

Notes
Turn   | Place    | Note
-------+----------+-------------------------------------------
     0 | D:1      | Ijustatesigmund the Gargoyle Fighter began the quest for
                  | the Orb.
     0 | D:1      | Reached XP level 1. HP: 14/14 MP: 1/1
   425 | D:1      | Reached XP level 2. HP: 17/19 MP: 2/2
  1499 | D:2      | Reached XP level 3. HP: 24/24 MP: 3/3
  2316 | D:3      | Found an ornate altar of the Wu Jian Council.
  2360 | D:3      | Reached XP level 4. HP: 11/29 MP: 4/4
  2774 | D:3      | Found a faded altar of an unknown god.
  3026 | D:4      | Noticed an ogre
  3031 | D:4      | Slain by an ogre

Illustrated notes

Levels and vault maps discovered:
D:1:      nicolae_arrival_washed_ashore, layout_basic, minmay_box_of_dots
D:2:      layout_basic, chequers_serial_rivers_room_a
D:3:      layout_rooms, nicolae_wu_jian_wuxing_cycle,
          shapermc_ecumenical_altar_petra
D:4:      layout_loops_cross, nicolae_overflow_crystal_walls,
          mainiacjoe_overflow_six_doors_small, minmay_pentangle

Skill      XL: |  1  2  3  4 |
---------------+-------------+-----
Maces & Flails | 3 4 |  4.1
Fighting       | 4 |  4.3
Armour         | |  3.2
Shields        | |  3.2

Action                   |  1- 3 |  4- 6 || total
-------------------------+-------+-------++-------
Melee: Flail             |   140 |    20 ||   160
  Use: Scroll            |     7 |       ||     7
       Potion            |     1 |       ||     1
Armor: Scale mail        |    15 |       ||    15
       Chain mail        |    79 |     6 ||    85
Dodge: Dodged            |    55 |     5 ||    60
Block: Buckler           |    29 |     1 ||    30

Table legend: (Time is in decaauts)
 A = Elapsed time spent in this place.
 B = Non-inter-level travel time spent in this place.
 C = Inter-level travel time spent in this place.
 D = Time resting spent in this place.
 E = Time spent auto-exploring this place.
 F = Levels seen in this place.
 G = Mean time per level.
                   A        B        C        D        E       F      G
               +--------+--------+--------+--------+--------+-----+--------+
         Total |   3072 |   2996 |     76 |    334 |   2267 |   4 |  768.0 |
       Dungeon |   3072 |   2996 |     76 |    334 |   2267 |   4 |  768.0 |
               +--------+--------+--------+--------+--------+-----+--------+

Top non-repeatable levels by time:
     D:1: 1217 daAuts
     D:2: 994 daAuts
     D:3: 751 daAuts
     D:4: 109 daAuts
